 Dungeon Crawl Stone Soup version 0.31-a0-489-g282fc92437 (webtiles) character file.

Game seed: 6887868777366974144

728 Ethylacetat the Sneak (level 7, -12/48 HPs)
             Began as an Octopode Gladiator on Aug 8, 2023.
             Killed from afar by a steam dragon (20 damage)
             ... with a ball of steam
             ... on level 5 of the Dungeon.
             The game lasted 00:07:05 (3370 turns).

Ethylacetat the Sneak (Octopode Gladiator)          Turns: 3370, Time: 00:07:06

Health: -12/48     AC:  1    Str: 13    XL:     7   Next: 72%
Magic:  9/9        EV: 15    Int: 11    God:
Gold:   192        SH:  0    Dex: 15    Spells: 6/9 levels left

rFire   . . .        f - +3 dagger (holy)
rCold   . . .        (no shield)
rNeg    . . .        b - +0 hat
rPois   .            j - amulet of regeneration
rElec   .            (no ring)
rCorr   .            (no ring)
SInv    .            (no ring)
Will    +....        (no ring)
Stlth   ++++         (no ring)
HPRegen 1.08/turn    (no ring)
MPRegen 0.11/turn    (no ring)
                     (no ring)

%: no passive effects
@: about to teleport, attractive, enlightened, flying
A: almost no armour, amphibious, 8 rings, camouflage 1, gelatinous body 1,
(nimble swimmer 1), tentacles
a: no special abilities


You were on level 5 of the Dungeon.
You visited 1 branch of the dungeon, and saw 5 of its levels.

You collected 192 gold pieces.

Inventory:

Hand Weapons
 f - a +3 dagger of holy wrath (weapon)
Missiles
 c - a throwing net (quivered)
 d - a javelin
Armour
 b - a +0 hat (worn)
Jewellery
 j - an amulet of regeneration (around mantle)
Talismans
 q - a serpent talisman
Wands
 u - a wand of flame (12)
Scrolls
 a - a scroll of blinking
 e - 2 scrolls of noise {unknown}
 g - a scroll of teleportation
 h - a scroll of silence {unknown}
 l - a scroll of enchant weapon
 m - a scroll of revelation {unknown}
 o - a scroll of enchant armour {unknown}
 p - 3 scrolls of fear {unknown}
 r - 5 scrolls of identify {unknown}
 t - a scroll of fog {unknown}
Potions
 k - a potion of curing
 s - a potion of attraction


   Skills:
 + Level 4.1 Fighting
 - Level 3.7 Short Blades
 - Level 2.0 Throwing
 + Level 4.7 Dodging
 + Level 4.7 Stealth
 + Level 1.6 Spellcasting
 + Level 1.8 Ice Magic
 * Level 2.8 Shapeshifting


You had 6 spell levels left.
You knew the following spells:

 Your Spells              Type           Power      Damage    Failure   Level
a - Ozocubu's Armour      Ice            4%         N/A       41%         3

Your spell library contained the following spells:

 Spells                   Type           Power      Damage    Failure   Level
 Magic Dart               Conj           0%         1d3       30%         1
 Call Imp                 Summ           0%         N/A       43%         2
 Mephitic Cloud           Conj/Pois/Air  0%         N/A       67%         3
 Fireball                 Conj/Fire      0%         3d3       100%        5
 Iskenderun's Battlesphe  Conj           0%         2d6       100%        5
 Conjure Ball Lightning   Conj/Air       0%         3x3d6     100%        6
 Orb of Destruction       Conj           0%         9d5       100%        7
 Ozocubu's Refrigeration  Ice            2%         4d7       100%        7


Dungeon Overview and Level Annotations

Branches:
Dungeon (5/15)
 Temple: D:4-7

Altars:
Ashenzari
Cheibriados
Sif Muna
Uskayaw

Shops:
D:1 *


Innate Abilities, Weirdness & Mutations

You cannot wear most types of armour.
You are amphibious.
You can wear up to eight rings at the same time.
Your skin changes colour to match your surroundings (Stealth+).
Your rubbery body absorbs attacks. (AC +1, EV +1)
((You are camouflaged when in or above water. (Stealth+)))
You have tentacles for arms and can constrict up to eight enemies at once.


Message History

The steam dragon is moderately wounded.
The steam dragon misses you. x2
You feel much better. The steam dragon misses you. x2
You hit the steam dragon.
The steam dragon is moderately wounded.
The steam dragon bites you! The steam dragon claws you.
You hit the steam dragon but do no damage.
You tentacle-slap the steam dragon.
The steam dragon is moderately wounded.
You hit the steam dragon.
You squeeze the steam dragon, but do no damage.
The steam dragon is moderately wounded.
The steam dragon bites you. The steam dragon claws you.
* * * LOW HITPOINT WARNING * * *
Okay, then.
Okay, then.
Okay, then.
As you read the scroll labelled VENYKH BOTTES, it crumbles to dust.
It is a scroll of enchant weapon.
Your +2 dagger of holy wrath glows red for a moment.
The steam dragon bites you!
* * * LOW HITPOINT WARNING * * *
The steam dragon barely misses you.
Blink to where?
Press: ? - help, Dir - move target
As you read the scroll labelled GYDDEORCHEC, it crumbles to dust.
It was a scroll of blinking.
The steam dragon is attracted toward you.
Okay, then.
Okay, then.
Blink to where?
Press: ? - help, Dir - move target
As you read the scroll of blinking, it crumbles to dust.
The steam dragon is attracted toward you.
Okay, then.
As you read the scroll labelled JOPLUNAETY, it crumbles to dust.
You feel strangely unstable.
It was a scroll of teleportation.
The steam dragon breathes steam at you. The ball of steam hits you!!
You die...

#####.# ###.# #####..##
##### ####.......# #...####
######......##..#
#.#.§..#####.......#######..
##...##.D§......##### #....
#....#####§§.#### #....
#..§## ##.@## #.... #..§#
##..## #.... ##### ##..##
#.... ##..## #.... ##..##
##... ##).## ##.. ##..## ##.
##..## ###.. ##..####....


There were no monsters in sight!

Vanquished Creatures
  A black bear (D:5)
  An ogre (D:5)
  A centaur (D:5)
  3 jellies
  A hound (D:5)
  2 iguanas (D:5)
  2 orc wizards
  5 adders
  7 gnolls
  An ufetubus (D:4)
  3 dart slugs
  22 orcs
  3 ball pythons
  3 bats
  7 endoplasms
  2 giant cockroaches
  9 goblins
  5 hobgoblins
  10 jackals
  4 quokkas
  2 frilled lizards
  8 kobolds
  9 rats
111 creatures vanquished.

Notes
Turn   | Place    | Note
-------+----------+-------------------------------------------
     0 | D:1      | Ethylacetat the Octopode Gladiator began the quest for the
                  | Orb.
     0 | D:1      | Reached XP level 1. HP: 14/14 MP: 1/1
   103 | D:1      | Reached XP level 2. HP: 17/19 MP: 2/2
   108 | D:1      | Reached skill level 1 in Stealth
   383 | D:1      | Found Imoyme Mati's General Store.
   388 | D:1      | Reached XP level 3. HP: 25/25 MP: 3/3
   855 | D:2      | Reached XP level 4. HP: 17/30 MP: 4/4
  1081 | D:2      | Found a faded altar of an unknown god.
  1240 | D:3      | Found a snail-covered altar of Cheibriados.
  1243 | D:3      | Found a hide-covered altar of Uskayaw.
  1245 | D:3      | Found a shimmering blue altar of Sif Muna.
  1590 | D:3      | Reached XP level 5. HP: 36/36 MP: 5/5
  2019 | D:4      | Reached skill level 1 in Shapeshifting
  2154 | D:4      | Learned a level 3 spell: Ozocubu's Armour
  2161 | D:4      | Reached XP level 6. HP: 42/42 MP: 6/6
  2274 | D:4      | Found a broken altar of Ashenzari.
  2544 | D:5      | Entered Level 5 of the Dungeon
  2544 | D:5      | Noticed a black bear
  2571 | D:5      | Killed a black bear
  2597 | D:5      | Reached skill level 1 in Spellcasting
  2597 | D:5      | Reached skill level 1 in Ice Magic
  2601 | D:5      | HP: 2/43 [orc/+0 trident (6)]
  2651 | D:4      | Reached XP level 7. HP: 31/47 MP: 8/8
  3348 | D:5      | Noticed a steam dragon
  3370 | D:5      | Killed from afar by a steam dragon

Illustrated notes

Levels and vault maps discovered:
D:1:      dpeg_arrival_simpleton_b, layout_loops_ring, serial_shops,
          nicolae_shop_temple_entry_statues_fountains, minmay_pentomino_s4
D:2:      minmay_chambers_of_ones, layout_basic,
          hellmonk_ecumenical_altar_defaced_shrine, st_stairs_14
D:3:      minmay_general_purpose_star, layout_loops_ring,
          grunt_temple_overflow_open
D:4:      layout_loops_ring, cheibrodos_ashenzari_chains
D:5:      layout_cave_pods

Skill      XL: |  1  2  3  4  5  6  7 |
---------------+----------------------+-----
Stealth        | 1 2 3 4 |  4.7
Fighting       | 3 4 |  4.1
Dodging        | 4 |  4.7
Shapeshifting  | 1 2 |  2.8
Spellcasting   | 1 |  1.6
Ice Magic      | 1 |  1.8
Short Blades   | |  3.7
Throwing       | |  2.0

Action                     |  1- 3 |  4- 6 |  7- 9 || total
---------------------------+-------+-------+-------++-------
  Melee: Rapier            |    22 |       |       ||    22
         Constrict         |    19 |    32 |    12 ||    63
         Tentacles         |    13 |    28 |    17 ||    58
         Dagger            |    56 |   138 |    65 ||   259
         Punch             |     1 |     6 |     2 ||     9
         Unarmed           |       |       |     8 ||     8
  Throw: Throwing net      |       |       |     3 ||     3
         Javelin           |       |       |     1 ||     1
  Evoke: Wand              |       |       |     2 ||     2
    Use: Potion            |       |     4 |     3 ||     7
         Scroll            |       |       |     4 ||     4
   Stab: Sleeping          |     7 |    11 |     2 ||    20
 Armour: Skin              |     6 |     3 |     4 ||    13
  Dodge: Dodged            |    65 |    64 |    66 ||   195

Table legend: (Time is in decaauts)
 A = Elapsed time spent in this place.
 B = Non-inter-level travel time spent in this place.
 C = Inter-level travel time spent in this place.
 D = Time resting spent in this place.
 E = Time spent auto-exploring this place.
 F = Levels seen in this place.
 G = Mean time per level.
                   A        B        C        D        E       F      G
               +--------+--------+--------+--------+--------+-----+--------+
         Total |   3305 |   3197 |    108 |      0 |   2496 |   5 |  661.0 |
       Dungeon |   3305 |   3197 |    108 |      0 |   2496 |   5 |  661.0 |
               +--------+--------+--------+--------+--------+-----+--------+

Top non-repeatable levels by time:
     D:5: 779 daAuts
     D:3: 763 daAuts
     D:1: 729 daAuts
     D:4: 641 daAuts
     D:2: 391 daAuts
